 Dungeon Crawl Stone Soup version 0.29-a0-344-ge2f44be95a (webtiles) character file.

Game seed: 13217176996464625082

117 Flugkiller the Skirmisher (level 4, -4/39 (40) HPs)
             Began as a Palentonga Chaos Knight on Apr 22, 2022.
             Was a Plaything of Xom.
             Slain by Grinder (6 damage)
             ... on level 3 of the Dungeon.
             The game lasted 00:02:19 (2995 turns).

Flugkiller the Skirmisher (Palentonga Chaos Knight) Turns: 2995, Time: 00:02:19

HP:   -4/39 (40)    AC:  6    Str: 17    XL:     4   Next: 71%
MP:   4/4           EV:  9    Int: 13    God:    Xom [....*.]
Gold: 115           SH:  0    Dex:  9    Spells: 3/3 levels left

rFire   + . .      SeeInvis +   d - +4 whip
rCold   . . .      Faith    .   (no shield)
rNeg    . . .      Spirit   .   b - +2 leather armour
rPois   .          Reflect  .   (no helmet)
rElec   .          Harm     .   (no cloak)
rCorr   .          Rampage  .   (no gloves)
Will    .....                   (no barding)
Stlth   +.........              (no amulet)
HPRegen 0.13/turn               p - ring of protection from fire
MPRegen 0.09/turn               (no ring)

@: lightly drained
A: large, rugged brown scales 3, see invisible, deformed body, roll 1, armoured
tail
a: Rolling Charge, Renounce Religion


You were on level 3 of the Dungeon.
You worshipped Xom.
You were a beloved toy of Xom.
You visited 1 branch of the dungeon, and saw 3 of its levels.

You collected 115 gold pieces.

Inventory:

Hand Weapons
 a - a +0 hand axe of chaos
 d - a +4 whip (weapon)
   (You found it on level 1 of the Dungeon)
Armour
 b - a +2 leather armour (worn)
Jewellery
 j - a ring of flight
   (You found it on level 1 of the Dungeon)
 p - a ring of protection from fire (left hand)
   (You found it on level 1 of the Dungeon)
Wands
 l - a wand of iceblast (4)
   (Xom gifted it to you on level 2 of the Dungeon)
Scrolls
 e - 2 scrolls of silence {unknown}
 f - 4 scrolls of identify {unknown}
 h - 2 scrolls of teleportation {unknown}
 k - 2 scrolls of vulnerability {unknown}
Potions
 g - a potion of berserk rage {unknown}
 i - 2 potions of lignification {unknown}
 m - a potion of curing {unknown}
 n - a potion of attraction {unknown}
Miscellaneous
 c - a piece from Xom's chessboard (12/15) (quivered)


   Skills:
 + Level 4.4 Fighting
 - Level 3.0 Axes
 + Level 3.1 Armour
 - Level 0.7 Dodging


You had 3 spell levels left.
You didn't know any spells.
Your spell library contained the following spells:

 Spells                   Type           Power      Damage    Failure   Level
 Ensorcelled Hibernation  Hex/Ice        0%         N/A       50%         2
 Passwall                 Tmut/Erth      0%         N/A       50%         2
 Swiftness                Air            0%         N/A       73%         3


Dungeon Overview and Level Annotations

Branches:
Dungeon (3/15)

Altars:
Cheibriados
Nemelex Xobeh
Uskayaw
Xom

Annotations:
D:3 Grinder


Innate Abilities, Weirdness & Mutations

You are completely covered in rugged brown scales. (AC +3, +7% HP)
You have supernaturally acute eyesight. (SInv)
Armour fits poorly on your strangely shaped body.
You can roll at nearby foes to attack.
You have a long armoured tail.


Message History

The frilled lizard bites you. The frilled lizard closely misses you.
You closely miss the frilled lizard.
Your tail-slap misses the frilled lizard.
The frilled lizard completely misses you.
You barely miss the frilled lizard.
The frilled lizard bites you but does no damage.
You closely miss the ball python.
The ball python bites you but does no damage.
The frilled lizard barely misses you.
You barely miss the ball python.
Your tail-slap misses the ball python.
The ball python bites you. The frilled lizard barely misses you.
You hit the ball python.
The ball python is heavily wounded.
The ball python bites you but does no damage.
The ball python misses you.
The frilled lizard bites you but does no damage.
You hit the ball python.
You kill the ball python!
The ball python closely misses you.
The frilled lizard bites you but does no damage.
There are monsters nearby!
There are monsters nearby!
You whack the ball python!
You kill the ball python!
The frilled lizard bites you.
You hit the frilled lizard.
You kill the frilled lizard!
No target in view!
No target in view!
No target in view!
No target in view!
You see here a ball python corpse.
A bat is nearby!
A bat is nearby!
A bat is nearby!
The bat closely misses you.
You barely miss the bat. You tail-slap the bat.
You kill the bat!
No target in view!
No target in view!
No target in view!
No target in view!
No target in view!
No target in view!
No target in view!
No target in view!
No target in view!
No target in view!
Grinder shouts!
Grinder gestures at you. Pain shoots through your body!
Grinder is nearby!
You make a move on Xom's chessboard...
Grinder resists with some effort.
You make a move on Xom's chessboard...
Grinder is moving more slowly.
Grinder blinks!
There's nothing you can charge at!
Roll where?
Press: ? - help, Dir - move target, f - Grinder
Aim: Grinder (petrified)
You roll forward with a clatter of scales!
The helpless Grinder fails to defend herself.
You whack Grinder! You tail-slap Grinder.
Grinder is moderately wounded.
The helpless Grinder fails to defend herself.
You hit Grinder.
Grinder is moderately wounded.
The helpless Grinder fails to defend herself.
You whack Grinder! You tail-slap Grinder.
Grinder is heavily wounded.
The helpless Grinder fails to defend herself.
You hit Grinder.
Grinder is heavily wounded.
The helpless Grinder fails to defend herself.
You hit Grinder.
Grinder is heavily wounded.
The helpless Grinder fails to defend herself.
You hit Grinder.
Grinder is heavily wounded.
Grinder is no longer petrified.
Grinder barely misses you.
You barely miss Grinder.
Grinder is heavily wounded.
Grinder hits you.
You writhe in agony.
You barely miss Grinder.
Your tail-slap misses Grinder.
Grinder is heavily wounded.
Grinder barely misses you.
You hit Grinder.
Grinder is severely wounded.
Grinder barely misses you.
You closely miss Grinder.
Grinder is severely wounded.
Grinder gestures at you. Pain shoots through your body!
* * * LOW HITPOINT WARNING * * *
You hit Grinder.
Grinder is almost dead.
Grinder hits you!
* * * LOW HITPOINT WARNING * * *
You writhe in agony.
You die...
Xom thinks this is hilarious!

..##.### ###### #.<.... ....# .
#..#..# #..#
###.###..#..#######..######
#..........................
##.#.###..#..#..####........
#.......§ #..#..####.######. #
#..#.##...#...†......# #.
#.##.b..##...#@##†.###### #.
#>.<.#.......5.##..# #.
####bS..##.######..# #. #.5#.##.#
#..# #. #...b...# #..# #########.
######....#### #### #.........
..........# ####### #.########
.#####...#######.....###.########
.######.## #..............>......


You could see Grinder.

Vanquished Creatures
  4 gnolls
  3 adders
  2 worms (D:2)
  3 orcs
  3 endoplasms
  A giant cockroach (D:2)
  2 goblins
  4 hobgoblins
  2 kobolds (D:1)
  A quokka (D:2)
  4 ball pythons
  7 bats
  4 frilled lizards
  6 rats
46 creatures vanquished.

Notes
Turn   | Place    | Note
-------+----------+-------------------------------------------
     0 | D:1      | Flugkiller the Palentonga Chaos Knight began the quest for
                  | the Orb.
     0 | D:1      | Reached XP level 1. HP: 19/19 MP: 1/1
   102 | D:1      | XOM: silly message
   171 | D:1      | XOM: silly message
   171 | D:1      | XOM: butterfly on damage
   177 | D:1      | Reached XP level 2. HP: 15/25 MP: 2/2
   224 | D:1      | XOM: divination: magic mapping
   495 | D:1      | You fall into a shaft and drop 1 floor!
   518 | D:2      | Found a faded altar of an unknown god.
   674 | D:2      | XOM: 2-stop teleportation journey
   766 | D:2      | XOM: enchant monster (good)
   859 | D:2      | Reached XP level 3. HP: 31/31 MP: 3/3
   963 | D:2      | Found a shimmering altar of Xom.
  1096 | D:2      | XOM: 8-stop teleportation journey
  1098 | D:2      | XOM: smoke on damage
  1179 | D:2      | XOM: god gift: jewelled brass wand {god gift}
  1312 | D:2      | XOM: noise
  1884 | D:1      | Reached skill level 4 in Fighting
  1918 | D:1      | XOM is BORED!
  1918 | D:1      | XOM: draining
  1952 | D:1      | Reached XP level 4. HP: 33/35 MP: 4/4
  2007 | D:1      | XOM: divination: detect items
  2068 | D:3      | XOM: noise
  2090 | D:3      | Found a hide-covered altar of Uskayaw.
  2247 | D:3      | XOM: divination: magic mapping
  2260 | D:3      | XOM: scenery: 3 doors open, 2 doors close
  2262 | D:3      | XOM: smoke on damage
  2458 | D:3      | Found a snail-covered altar of Cheibriados.
  2579 | D:3      | Found a sparkling altar of Nemelex Xobeh.
  2588 | D:3      | Noticed Grinder
  2624 | D:3      | Paralysed by Grinder for 5 turns
  2625 | D:3      | XOM: summons friendly shadow imp
  2628 | D:3      | XOM: cleaving
  2635 | D:3      | XOM: scenery: summon butterflies
  2636 | D:3      | XOM: scenery: summon butterflies
  2995 | D:3      | Slain by Grinder

Illustrated notes

Levels and vault maps discovered:
D:1:      lordsloth_arrival_two_stooges, layout_loops_ring,
          wander_ebering_terrifying_dragon_lair
D:2:      layout_basic, chequers_ecumenical_altar_simple, basic_altar
D:3:      layout_loops_ring, mainiacjoe_overflow_cross_hatched,
          mainiacjoe_overflow_24_doors, mainiacjoe_overflow_boulevard,
          lemuel_crystal_altar, minmay_quadrilaterals, uniq_grinder

Skill      XL: |  1  2  3  4 |
---------------+-------------+-----
Armour         | 2 3 |  3.1
Fighting       | 4 |  4.4
Axes           | |  3.0
Dodging        | |  0.7

Action                   |  1- 3 |  4- 6 || total
-------------------------+-------+-------++-------
Melee: Whip              |    88 |    60 ||   148
       Tailslap          |     5 |    10 ||    15
 Abil: Rolling Charge    |       |     2 ||     2
Evoke: Piece from Xom's  |       |     3 ||     3
 Stab: Petrified         |       |    17 ||    17
Armor: Leather armour    |    42 |    25 ||    67
Dodge: Dodged            |    39 |    28 ||    67

Table legend: (Time is in decaauts)
 A = Elapsed time spent in this place.
 B = Non-inter-level travel time spent in this place.
 C = Inter-level travel time spent in this place.
 D = Time resting spent in this place.
 E = Time spent auto-exploring this place.
 F = Levels seen in this place.
 G = Mean time per level.
                   A        B        C        D        E       F      G
               +--------+--------+--------+--------+--------+-----+--------+
         Total |   2999 |   2854 |    145 |    581 |   1834 |   3 |  999.7 |
       Dungeon |   2999 |   2854 |    145 |    581 |   1834 |   3 |  999.7 |
               +--------+--------+--------+--------+--------+-----+--------+

Top non-repeatable levels by time:
     D:2: 1537 daAuts
     D:1: 902 daAuts
     D:3: 559 daAuts
